 Dungeon Crawl Stone Soup version 0.14-a0-445-g388476e (webtiles) character file.

76378 lhllhlh the Severer (level 15, -9/134 HPs)
             Began as a Lava Orc Berserker on Oct 28, 2013.
             Was the Champion of Trog.
             Mangled by a very large slime creature (35 damage)
             ... on Level 14 of the Dungeon on Oct 30, 2013.
             The game lasted 04:29:06 (26255 turns).

lhllhlh the Severer (Lava Orc Berserker)           Turns: 26255, Time: 04:29:07

HP  -9/134       AC 43     Str 30      XL: 15   Next:  9%
MP  25/25        EV  6     Int  7      God: Trog [******]
Gold 897         SH  0     Dex 10      Spells:  0 memorised, 14 levels left

Res.Fire  : + . .   See Invis. : .   a - +5,+7 executioner's axe (freeze)
Res.Cold  : + + +   Warding    : .   w - +0 crystal plate armour "Pnaes" {rC+}
Life Prot.: . . .   Conserve   : .   (no shield)
Res.Poison: .       Res.Corr.  : .   l - +2 plumed helmet
Res.Elec. : .       Clarity    : .   z - +2 dwarf cloak {MR+}
Sust.Abil.: . .     Spirit.Shd : .   g - +2 pair of gauntlets {Str+3}
Res.Mut.  : .       Stasis     : .   R - +2 pair of boots
Res.Rott. : .       Flight     : .   o - amulet of the gourmand
Gourmand  : +                        u - +5,+6 ring of slaying
                                     i - ring of protection from cold

@: quite resistant to hostile enchantments, extremely unstealthy
A: cold resistance 1, conserve scrolls, saprovore 1
a: Burn Spellbooks, Berserk, Trog's Hand, Brothers in Arms, Renounce Religion


You were on level 14 of the Dungeon.
You worshipped Trog.
Trog was exalted by your worship.
You were hungry.

You visited 4 branches of the dungeon, and saw 27 of its levels.
You visited 1 bazaar.
You also visited: Bailey.

You collected 3049 gold pieces.
You spent 2172 gold pieces at shops.

Inventory:

Hand weapons
 a - a +5,+7 executioner's axe of freezing (weapon)
 b - the +8,+2 longbow of Eggir {flame, rElec rN+}
   (You found it on level 7 of the Lair of Beasts)

   It turns projectiles fired from it into bolts of flame.
   It insulates you from electricity.
   It protects you from negative energy.
Missiles
 X - 115 arrows
 Y - 17 poisoned arrows
Armour
 g - a +2 pair of gauntlets of strength (worn)
 l - a +2 plumed helmet (worn)
 w - the +0 crystal plate armour "Pnaes" (worn) {rC+}
   (You acquired it on level 10 of the Dungeon)

   It protects you from cold.
 z - a +2 dwarven cloak of magic resistance (worn)
 R - a +2 pair of boots (worn)
Magical devices
 v - a wand of polymorph (8)
 x - a wand of digging (6)
 C - a wand of cold (4)
 E - a wand of draining (3)
 M - a wand of fire (10)
 Q - a wand of draining (8)
 S - a wand of frost (15)
 T - a wand of polymorph (8)
 Z - a wand of digging (17)
Comestibles
 c - 2 rotting chunks of orc flesh
 e - 5 meat rations
 k - 9 bread rations
 m - a royal jelly
 t - 2 beef jerkies
 B - 9 cheeses
 L - a banana
 O - a choko
 V - 4 rotting chunks of orc flesh
Scrolls
 d - 15 scrolls of remove curse
 n - 8 scrolls of teleportation
 p - a scroll of immolation
 y - a scroll of fog
 N - 2 scrolls of enchant weapon I
 U - a scroll of summoning
Jewellery
 i - a ring of protection from cold (left hand)
 o - an amulet of the gourmand (around neck)
 u - a +5,+6 ring of slaying (right hand)
 J - an uncursed amulet of clarity
 P - an uncursed ring of regeneration
Potions
 f - 9 potions of curing
 h - a potion of flight
 j - 9 potions of heal wounds
 q - 3 potions of might
 r - 2 potions of speed
 D - a potion of restore abilities
 F - 3 potions of invisibility
 G - a potion of mutation
 H - a potion of resistance
 K - 4 potions of agility
 W - a potion of berserk rage
Miscellaneous
 A - a phial of floods
 I - a lamp of fire


   Skills:
 * Level 14.9 Fighting
 - Level 20.0 Axes
 - Level 15.0 Armour
 - Level 1.5 Dodging
 - Level 0.1 Stealth
 - Level 7.9 Evocations


You had 14 spell levels left.
You didn't know any spells.

Dungeon Overview and Level Annotations

Branches:
Dungeon (14/27)            Temple (1/1) D:6             Orc (4/4) D:11
    Elf (0/3) Orc:3          Lair (8/8) D:11         Shoals (0/5) Lair:4
  Snake (0/5) Lair:6        Slime (0/6) Lair:6

Altars:
Ashenzari
Cheibriados
Elyvilon
Fedhas
Kikubaaqudgha
Makhleb
Nemelex Xobeh
Okawaru
Sif Muna
Trog
Vehumet
Xom
Yredelemnul
Zin
the Shining One
Beogh

Shops:
D:4 +   D:6 +}%(+   D:7 !   D:8 %   Orc:4 *=([


Innate Abilities, Weirdness & Mutations

You have stony skin.
Your flesh is heat resistant.
Your flesh is vulnerable to cold.
Your heat harms attackers.
You bathe your surroundings in blazing heat.
You are too hot to use scrolls.
You are very good at protecting items from fire.
You can tolerate rotten meat.
Your flesh is cold resistant.


Message History

You destroy the hill giant skeleton!
You barely miss the slime creature.
The slime creature is heavily wounded.
The very large slime creature hits you!
* * * LOW HITPOINT WARNING * * *
The large slime creature hits you!
* * * LOW HITPOINT WARNING * * *
Your efreet hits the very large slime creature with a scimitar of flaming!
Your efreet burns the very large slime creature.
The slime creature hits you but does no damage.
You slice the slime creature!! You freeze the slime creature!
You kill the slime creature!
Trog accepts your kill.
You slash the large slime creature! You freeze the large slime creature.
You kill the large slime creature!
Trog accepts your kill.
You completely miss the very large slime creature.
The very large slime creature is severely wounded.
The very large slime creature hits you!
You die...

### ##..### ..#
##§.####### #####.##
#§........# #.......#
#§.........
#.......#####§........#
#.......#.§§..........#
#..<....#§###.........#
#....J..#.# #.........#
#....R@...# #.........#
#.....§.### #######.###
##.###### #.# # ##.#
#..# #######.##
#........# #........# #
#........# #


You could see a very large slime creature and a friendly efreet.

Vanquished Creatures
  A stone giant (Orc:4)
  4 dire elephants (Lair:8)
  3 ettins (Orc:4)
  6 hydras
  An anaconda (Lair:8)
  6 death yaks
  An orc high priest (Orc:3)
  A catoblepas (Lair:7)
  Nergalle (Lair:3)
  A fire crab (shapeshifter) (D:13)
  An unseen horror (D:13)
  Erolcha (Orc:1)
  2 hill giants
  5 orc knights (Bailey)
  Joseph (D:7)
  8 cyclopes (Orc:4)
  An orc sorcerer (Orc:4)
  4 black mambas
  20 elephants (Lair:8)
  9 spiny frogs
  4 fire drakes
  2 trolls
  A two-headed ogre (D:9)
  Grinder (D:3)
  5 komodo dragons
  A polar bear (Lair:8)
  Prince Ribbit (D:7)
  A grizzly bear (Lair:7)
  17 blink frogs
  2 hydra skeletons
  3 trapdoor spiders
  16 slime creatures
  5 basilisks
  2 wyverns
  7 sharks (Lair:4)
  33 yaks
  A hog (D:13)
  6 hippogriffs
  2 elephant slugs
  Eustachio (D:7)
  A hill giant zombie (D:14)
  2 shadows (D:13)
  4 hungry ghosts
  3 wolves (Lair:8)
  A wraith (D:13)
  2 hill giant skeletons
  A steam dragon (Lair:6)
  A rock worm (Lair:8)
  A manticore (D:10)
  A soldier ant (D:14)
  A wandering mushroom (Lair:7)
  Edmund (D:4)
  2 necrophages
  31 orc warriors
  3 nagas (Lair:6)
  6 ogres
  A human (D:13)
  3 ice beasts
  An ice dragon simulacrum (D:14)
  6 sky beasts
  3 porcupines
  2 black bears
  8 centaurs
  A phantom (D:7)
  13 crocodiles
  Sigmund (D:2)
  17 water moccasins
  3 boring beetles
  2 big kobolds
  A brain worm (D:12)
  5 wargs
  7 giant slugs
  A gnoll sergeant (D:8)
  11 agate snails
  18 giant frogs
  6 killer bees (D:8)
  11 wights
  An eye of draining (D:9)
  2 jellies
  A giant frog zombie (D:10)
  A two-headed ogre zombie (D:11)
  A centaur zombie (D:5)
  A goliath beetle (D:10)
  A soldier ant zombie (D:14)
  9 crimson imps
  5 scorpions
  10 hounds
  2 giant frog skeletons
  A gnoll shaman (D:5)
  7 spectral orcs (Lair:3)
  6 iguanas
  28 orc wizards
  27 orc priests
  12 worker ants
  13 sheep
  A crocodile zombie (D:11)
  A hound zombie (D:9)
  A mottled dragon skeleton (D:13)
  A hound skeleton (D:10)
  A mummy (D:9)
  14 gnolls
  85 green rats
  2 giant centipedes
  A steam dragon skeleton (D:6)
  22 adders
  An inept item mimic (D:4)
  6 giant mites
  A lemure (D:7)
  12 worms
  An adder skeleton (D:4)
  An iguana zombie (D:5)
  4 giant eyeballs
  6 giant geckos
  191 orcs
  17 bats
  8 giant cockroaches
  19 hobgoblins
  33 jackals
  6 quokkas
  2 ball pythons (D:3)
  5 giant newts
  A giant newt skeleton (D:5)
  A giant spore (D:10)
  22 goblins
  20 kobolds
  2 orc skeletons
  A quokka skeleton (D:5)
  22 rats
  2 ballistomycetes (D:10)
  A bush (Lair:4)
  A butterfly (D:8)
  11 fungi
  15 plants
1039 creatures vanquished.

Vanquished Creatures (collateral kills)
  An ettin (Orc:4)
  An orc warrior (Bailey)
2 creatures vanquished.

Vanquished Creatures (others)
  4 fungi
  A plant (Lair:7)
5 creatures vanquished.

Grand Total: 1046 creatures vanquished

Notes
Turn   | Place    | Note
--------------------------------------------------------------
     0 | D:1      | lhllhlh, the Lava Orc Berserker, began the quest for the Orb.
     0 | D:1      | Reached XP level 1. HP: 19/19 MP: 0/0
   222 | D:1      | Reached skill level 4 in Axes
   224 | D:1      | Reached XP level 2. HP: 26/26 MP: 1/1
   308 | D:1      | Reached skill level 5 in Axes
   421 | D:1      | Reached XP level 3. HP: 16/33 MP: 2/2
   598 | D:1      | Acquired Trog's second power
  1127 | D:2      | Reached XP level 4. HP: 23/39 MP: 3/3
  1169 | D:2      | Found a snail-covered altar of Cheibriados.
  1185 | D:2      | Reached skill level 6 in Axes
  1264 | D:2      | Noticed Sigmund
  1290 | D:2      | Killed Sigmund
  1290 | D:2      | Reached skill level 7 in Axes
  1290 | D:2      | Reached XP level 5. HP: 46/46 MP: 4/4
  1527 | D:3      | Noticed Grinder
  1542 | D:3      | Paralysed by Grinder for 4 turns
  1546 | D:3      | Killed Grinder
  1546 | D:3      | Reached skill level 9 in Axes
  1546 | D:3      | Reached XP level 6. HP: 23/52 MP: 5/5
  2378 | D:4      | Reached XP level 7. HP: 56/59 MP: 6/6
  2542 | D:4      | Acquired Trog's third power
  2584 | D:4      | Reached skill level 10 in Axes
  2669 | D:4      | Noticed Edmund
  2685 | D:4      | Killed Edmund
  2836 | D:4      | Reached skill level 5 in Fighting
  3104 | D:4      | Found Plipoc's Book Shoppe.
  3245 | D:5      | Entered Level 5 of the Dungeon
  3553 | D:5      | Reached XP level 8. HP: 69/69 MP: 7/7
  3589 | D:5      | Found an ancient bone altar of Kikubaaqudgha.
  3801 | D:5      | Found a glowing silver altar of Zin.
  3873 | D:5      | Paralysed by a giant eyeball for 3 turns
  3880 | D:5      | Paralysed by a giant eyeball for 3 turns
  3885 | D:5      | Found a sparkling altar of Nemelex Xobeh.
  4304 | D:6      | Found Suaguboir's Gadget Emporium.
  4305 | D:6      | Found a staircase to the Ecumenical Temple.
  4317 | Temple   | Entered the Ecumenical Temple
  4518 | D:6      | Found Conateam's Book Emporium.
  4693 | D:6      | Found Roisyum's Food Emporium.
  4716 | D:6      | Reached skill level 5 in Armour
  4754 | D:6      | Found Xiolysol's Weapon Shop.
  4766 | D:6      | Found Hech's Book Emporium.
  5334 | D:7      | Noticed Eustachio
  5345 | D:7      | Killed Eustachio
  5345 | D:7      | Reached skill level 11 in Axes
  5345 | D:7      | Reached XP level 9. HP: 77/77 MP: 8/8
  5468 | D:7      | Received a gift from Trog
  5564 | D:7      | Found a shattered altar of Ashenzari.
  5730 | D:7      | Found Ypeash's Distillery.
  5825 | D:7      | Noticed Joseph
  5836 | D:7      | Killed Joseph
  5836 | D:7      | Reached skill level 12 in Axes
  6191 | D:7      | Noticed Prince Ribbit
  6234 | D:7      | Killed Prince Ribbit
  6468 | D:8      | Got a polished mace
  6888 | D:8      | Found a shimmering altar of Xom.
  6895 | D:8      | Found Gruovoru's Food Shoppe.
  6994 | D:8      | Reached skill level 13 in Axes
  7433 | D:8      | Reached XP level 10. HP: 84/84 MP: 9/9
  7454 | D:7      | Identified the +4,+6 mace of Shrioblau {flame, rF++} (You found it on level 8 of the Dungeon)
  7454 | D:7      | Identified the +4,+6 mace of Shrioblau {flame, rF++} (You found it on level 8 of the Dungeon)
  7844 | D:9      | Received a gift from Trog
  8222 | D:9      | Reached skill level 14 in Axes
  8923 | D:9      | Identified 2 scrolls of acquirement
  8930 | D:10     | Entered Level 10 of the Dungeon
  8968 | D:10     | Reached skill level 15 in Axes
  9170 | D:10     | Got an ancient trident
  9411 | D:10     | Got an ichor-stained robe
  9764 | D:10     | Identified the cursed +3,-1 trident of the Heart {pierce, MR++ Stlth--} (You found it on level 10 of the Dungeon)
  9764 | D:10     | Identified the cursed +3,-1 trident of the Heart {pierce, MR++ Stlth--} (You found it on level 10 of the Dungeon)
  9772 | D:10     | Got a bloodstained crystal plate armour
  9800 | D:10     | Identified the +0 crystal plate armour "Pnaes" {rC+} (You acquired it on level 10 of the Dungeon)
  9850 | D:11     | Reached XP level 11. HP: 91/91 MP: 10/10
  9934 | D:11     | Found a staircase to the Lair.
 10127 | D:11     | Found a staircase to the Orcish Mines.
 10318 | D:11     | Noticed a hill giant
 10324 | D:11     | Killed a hill giant
 10353 | D:11     | Reached skill level 10 in Armour
 10365 | D:11     | Received a gift from Trog
 10368 | D:11     | Got a brightly glowing battleaxe {god gift}
 10369 | D:11     | Identified the +7,+8 battleaxe of Annihilation {drain, rF+ Str-3} (Trog gifted it to you on level 11 of the Dungeon)
 10369 | D:11     | Identified the +7,+8 battleaxe of Annihilation {drain, rF+ Str-3} (Trog gifted it to you on level 11 of the Dungeon)
 10761 | D:11     | Reached skill level 16 in Axes
 10995 | D:12     | Paralysed by a giant eyeball for 2 turns
 11145 | D:12     | Paralysed by a giant eyeball for 4 turns
 11449 | D:11     | Paralysed by a giant eyeball for 2 turns
 11451 | Lair:1   | Entered Level 1 of the Lair of Beasts
 11568 | Lair:1   | Reached skill level 17 in Axes
 11947 | Lair:1   | Reached skill level 1 in Evocations
 12083 | Lair:2   | Noticed a six-headed hydra
 12088 | Lair:2   | Killed an eight-headed hydra
 12153 | Lair:2   | Upgraded the game from 0.14-a0-426-gb52781e to 0.14-a0-445-g388476e
 12192 | Lair:2   | Found a basalt altar of Yredelemnul.
 12325 | Lair:2   | Reached XP level 12. HP: 90/99 MP: 15/15
 12346 | Lair:2   | Noticed a five-headed hydra
 12358 | Lair:2   | Killed a nine-headed hydra
 12394 | Lair:2   | Received a gift from Trog
 13392 | Lair:3   | Noticed Nergalle
 13428 | Lair:3   | Killed Nergalle
 13489 | Lair:3   | Reached skill level 18 in Axes
 14183 | Lair:4   | Received a gift from Trog
 14610 | Lair:4   | Reached skill level 5 in Evocations
 14652 | Lair:4   | Found a staircase to the Shoals.
 15113 | Lair:5   | Received a gift from Trog
 15362 | Lair:5   | Noticed a six-headed hydra
 15370 | Lair:5   | Killed a nine-headed hydra
 15531 | Lair:5   | Noticed a five-headed hydra
 15543 | Lair:5   | Killed an eight-headed hydra
 15564 | Lair:5   | Reached skill level 19 in Axes
 15942 | Lair:6   | Reached XP level 13. HP: 89/105 MP: 22/22
 15970 | Lair:6   | Found a staircase to the Snake Pit.
 16553 | Lair:6   | Found a staircase to the Slime Pits.
 17010 | Lair:7   | Received a gift from Trog
 17859 | Lair:7   | Got a fine longbow
 17877 | Lair:7   | Identified the +8,+2 longbow of Eggir {flame, rElec rN+} (You found it on level 7 of the Lair of Beasts)
 17877 | Lair:7   | Identified the +8,+2 longbow of Eggir {flame, rElec rN+} (You found it on level 7 of the Lair of Beasts)
 18728 | Lair:7   | Received a gift from Trog
 18740 | Lair:8   | Entered Level 8 of the Lair of Beasts
 18825 | Lair:8   | Reached skill level 20 in Axes
 19217 | Lair:8   | Reached skill level 10 in Fighting
 19334 | Lair:8   | Reached XP level 14. HP: 114/118 MP: 25/25
 19338 | Lair:8   | Received a gift from Trog
 20585 | Lair:8   | Got a bloodstained scimitar
 20670 | Lair:8   | Identified the +2,+9 scimitar "Xeezown" {freeze, rN+} (You found it on level 8 of the Lair of Beasts)
 20670 | Lair:8   | Identified the +2,+9 scimitar "Xeezown" {freeze, rN+} (You found it on level 8 of the Lair of Beasts)
 20971 | Orc:1    | Entered Level 1 of the Orcish Mines
 21024 | Orc:1    | Noticed Erolcha
 21032 | Orc:1    | Killed Erolcha
 21052 | Orc:1    | Received a gift from Trog
 22071 | Orc:3    | Received a gift from Trog
 22250 | Orc:3    | Found a staircase to the Elven Halls.
 22340 | Orc:3    | Found a roughly hewn altar of Beogh.
 22388 | Orc:3    | Received a gift from Trog
 22872 | Orc:4    | Entered Level 4 of the Orcish Mines
 22872 | Orc:4    | Found Oxau's Jewellery Emporium.
 22888 | Orc:4    | Found a flickering gateway to a bazaar.
 22893 | Bazaar   | Entered a bazaar
 22896 | Bazaar   | Found Ighitasa's Gadget Boutique.
 22899 | Bazaar   | Found Mnouh's Distillery.
 22900 | Bazaar   | Found Gehommepn's Armour Boutique.
 22900 | Bazaar   | Found Codgh's Magic Scroll Boutique.
 22908 | Bazaar   | Bought a +2 pair of gauntlets of strength for 221 gold pieces
 22917 | Bazaar   | Bought a scroll of identify for 18 gold pieces
 22917 | Bazaar   | Bought a scroll of enchant weapon II for 49 gold pieces
 22923 | Bazaar   | Bought a potion of might for 17 gold pieces
 22923 | Bazaar   | Bought a potion of might for 17 gold pieces
 23335 | Orc:4    | Bought a +5,+6 ring of slaying for 1850 gold pieces
 23362 | Orc:4    | Found Womaxom's Antique Armour Shoppe.
 24131 | Orc:4    | Found Prio's Antique Weapon Shoppe.
 24170 | Orc:4    | Received a gift from Trog
 24218 | Orc:4    | Found Coug's General Store.
 24225 | Orc:4    | Reached skill level 15 in Armour
 24812 | D:13     | Found a basalt altar of Yredelemnul.
 24854 | D:13     | Killed an unseen horror
 25547 | D:14     | Entered Level 14 of the Dungeon
 25843 | D:14     | Found a flagged portal.
 25852 | Bailey   | Entered a bailey
 25869 | Bailey   | Received a gift from Trog
 25986 | Bailey   | Reached XP level 15. HP: 134/134 MP: 25/25
 26145 | Bailey   | Gained mutation: Your flesh is cold resistant. [potion of beneficial mutation]
 26255 | D:14     | Mangled by a very large slime creature

Action                   |  1- 3 |  4- 6 |  7- 9 | 10-12 | 13-15 || total
-------------------------+-------+-------+-------+-------+-------++-------
Melee: Hand axe          |   130 |   103 |       |       |       ||   233
       War axe           |       |     7 |   186 |       |       ||   193
       Broad axe         |       |       |    65 |       |       ||    65
       Battleaxe         |       |       |   136 |   528 |       ||   664
       Executioner's axe |       |       |       |   296 |   801 ||  1097
Invok: Berserk           |       |     3 |     6 |     9 |    12 ||    30
       Burn Spellbooks   |       |     1 |     1 |     5 |     1 ||     8
       Trog's Hand       |       |       |     1 |     2 |     3 ||     6
       Brothers in Arms  |       |       |       |       |     1 ||     1
Evoke: Wand              |       |       |       |     7 |     7 ||    14
       Miscellaneous     |       |       |       |       |     1 ||     1
  Use: Scroll            |       |       |       |    32 |    24 ||    56
       Potion            |       |       |       |     1 |     2 ||     3
 Stab: Sleeping          |       |     1 |       |       |       ||     1
